 Dungeon Crawl Stone Soup version 0.22-a0-605-g9281fa2 (webtiles) character file.

1495 royokou the Cleaver (level 8, -3/64 HPs)
             Began as a Minotaur Berserker on July 9, 2018.
             Was an Elder of Trog.
             Slain by an orc priest
             ... wielding a +0 club
              (4 damage)
             ... on level 6 of the Dungeon.
             The game lasted 00:11:10 (4254 turns).

royokou the Cleaver (Minotaur Berserker)            Turns: 4254, Time: 00:11:11

Health: -3/64      AC:  8    Str: 22    XL:     8   Next: 51%
Magic:  7/7        EV:  8    Int:  5    God:    Trog [****..]
Gold:   164        SH:  0    Dex: 11    Spells: 7/7 levels left

rFire    . . .     SeeInvis .   v - +0 broad axe
rCold    . . .     Gourm    .   (no shield)
rNeg     . . .     Faith    .   o - +0 chain mail
rPois    +         Spirit   .   (helmet restricted)
rElec    .         Reflect  .   g - scarf {repulsion}
rCorr    .         Harm     .   (no gloves)
MR       .....                  (no boots)
Stlth    ..........             (no amulet)
HPRegen  0.20/turn              f - ring of loudness (curse)
MPRegen  0.10/turn              b - ring of poison resistance

@: berserk cooldown, slowed, repel missiles, very slow
A: retaliatory headbutt, horns 2
a: Berserk, Trog's Hand, Brothers in Arms, Renounce Religion


You were on level 6 of the Dungeon.
You worshipped Trog.
Trog was greatly pleased with you.
You were hungry.

You visited 1 branch of the dungeon, and saw 6 of its levels.

You collected 264 gold pieces.
You spent 100 gold pieces at shops.

Inventory:

Hand Weapons
 a - a +1 hand axe
 h - a +0 flail
 n - a +1 morningstar of protection
 p - a cursed -2 flail
 v - a +0 broad axe (weapon)
Armour
 e - a +0 ring mail
 g - a scarf of repulsion (worn)
 o - a +0 chain mail (worn)
Jewellery
 b - a ring of poison resistance (right hand)
 f - a cursed ring of loudness (left hand)
Wands
 r - a wand of paralysis (14)
 u - a wand of iceblast (6)
Scrolls
 k - a scroll of enchant weapon
 m - a scroll of teleportation
 w - a scroll of fog {unknown}
 y - a scroll of magic mapping
Potions
 d - 3 potions of curing
 i - a potion of might
 j - a potion of degeneration
 l - a potion of flight {unknown}
 q - a potion of haste
 s - 2 potions of cancellation
 t - a potion of agility {unknown}
 x - a potion of brilliance {unknown}
Comestibles
 c - 12 rations


   Skills:
 - Level 3.6 Fighting
 + Level 12.8 Axes
 - Level 2.4 Armour
 - Level 2.1 Dodging


You had 7 spell levels left.
You didn't know any spells.
Your spell library was empty.

Dungeon Overview and Level Annotations

Branches:
Dungeon (6/15)
 Temple: D:4-7

Altars:
Gozag
Hepliaklqana
Sif Muna
Trog
Xom

Shops:
D:4 *   D:6 (

Annotations:
D:3 1 runed door, pmoppi's ghost, amateur DDFi


Innate Abilities, Weirdness & Mutations

You reflexively headbutt those who attack you in melee.
You have a pair of horns on your head.


Message History

You miss something. You barely miss the orc. You hit the orc.
The orc closely misses you.
The orc hits you with a morningstar of crushing.
* * * LOW HITPOINT WARNING * * *
x2 Something hits you.
* * * LOW HITPOINT WARNING * * *
The orc priest calls down the wrath of Beogh upon you.
Beogh smites you!
* * * LOW HITPOINT WARNING * * *
The orc hits you.
* * * LOW HITPOINT WARNING * * *
You hear some strange, mumbled words.
A puff of frost appears from out of thin air!
The puff of frost is repelled.
You closely miss the orc priest.
The orc priest is severely wounded.
You closely miss something. You completely miss the orc.
You hit the orc but do no damage. You hit the orc. The orc barely misses you.
The orc priest hits you with a club.
You die...

....## #.........
#.#..## #........
#.#...###.###.#
#...#.........##
.
..#.######>#...#
.# ....# #.#.#.#
#..# #.#..
###.#..)####...#
#.#..
.......))))o....#
# ###
...####.)[@o..#.#
# ###o{o..#
#.........
#.#.......
...#...... .##.
.#.... # ####....
(..


You could see an orc priest and 3 orcs.

Vanquished Creatures
  Sigmund (D:3)
  3 ogres (D:5)
  An ice beast (D:5)
  A sky beast (D:5)
  A necrophage (D:3)
  A phantom (D:5)
  A scorpion (D:5)
  3 crimson imps
  A centaur zombie (D:5)
  2 orc priests (D:2)
  2 orc wizards
  A bullfrog skeleton (D:5)
  Ijyb (D:4)
  Jessica (D:3)
  3 iguanas
  2 worker ants
  2 hound zombies (D:5)
  A worker ant zombie (D:5)
  4 gnolls
  A howler monkey skeleton (D:4)
  3 adders
  2 shadow imps (D:5)
  An adder skeleton (D:4)
  2 worms (D:3)
  2 leopard geckos (D:3)
  28 orcs
  3 ball pythons
  7 bats
  4 giant cockroaches
  15 goblins
  11 hobgoblins
  2 quokkas
  6 frilled lizards
  7 kobolds
  6 rats
132 creatures vanquished.

Vanquished Creatures (others)
  2 worker ants (D:5)
  An adder (D:5)
  A gnoll (D:5)
  2 quokkas (D:5)
6 creatures vanquished.

Grand Total: 138 creatures vanquished

Notes
Turn   | Place    | Note
-------+----------+-------------------------------------------
     0 | D:1      | royokou the Minotaur Berserker began the quest for the Orb.
     0 | D:1      | Reached XP level 1. HP: 19/19 MP: 0/0
    32 | D:1      | Reached skill level 4 in Axes
    64 | D:1      | Reached XP level 2. HP: 26/26 MP: 1/1
   616 | D:1      | Reached skill level 5 in Axes
   616 | D:1      | Reached XP level 3. HP: 27/31 MP: 2/2
   627 | D:1      | Reached ** piety under Trog
  1009 | D:2      | Found a bloodstained altar of Trog.
  1049 | D:2      | Reached XP level 4. HP: 39/39 MP: 3/3
  1056 | D:2      | Reached skill level 6 in Axes
  1169 | D:2      | Reached skill level 7 in Axes
  1169 | D:2      | Reached XP level 5. HP: 4/45 MP: 4/4
  1608 | D:2      | Found a deep blue altar of Sif Muna.
  1668 | D:3      | Found a runed door.
  1668 | D:3      | Noticed pmoppi's ghost (amateur DDFi)
  1674 | D:3      | Noticed Sigmund
  1682 | D:3      | Killed Sigmund
  1682 | D:3      | Reached skill level 8 in Axes
  1682 | D:3      | Reached XP level 6. HP: 51/51 MP: 5/5
  1902 | D:3      | Found a hazy altar of Hepliaklqana.
  1943 | D:3      | Noticed Jessica
  1958 | D:3      | Killed Jessica
  1980 | D:3      | Reached skill level 9 in Axes
  2125 | D:3      | Reached *** piety under Trog
  2185 | D:3      | Found an opulent altar of Gozag.
  2536 | D:4      | Found Toishatt's General Store.
  2571 | D:4      | Reached XP level 7. HP: 53/57 MP: 6/6
  2609 | D:4      | Noticed Ijyb
  2625 | D:4      | Killed Ijyb
  2717 | D:4      | Reached skill level 10 in Axes
  3218 | D:5      | Entered Level 5 of the Dungeon
  3350 | D:5      | Reached skill level 11 in Axes
  3405 | D:5      | Found a shimmering altar of Xom.
  3493 | D:5      | Reached XP level 8. HP: 45/64 MP: 7/7
  3615 | D:5      | Reached **** piety under Trog
  3733 | D:5      | Reached skill level 12 in Axes
  4188 | D:6      | Found Xofal's Antique Weapon Shoppe.
  4201 | D:6      | Bought a broad axe for 100 gold pieces
  4253 | D:6      | HP: 3/64 [orc priest/divine providence (11)]
  4253 | D:6      | HP: 1/64 [orc (2)]
  4254 | D:6      | Slain by an orc priest

Vault maps used:
D:1:      grunt_arrival_lava_bath, minmay_tromino_v4_a
D:2:      bloody_trog, led_sif_pool, first_ration, glass_columns_b
D:3:      nicolae_overflow_hidden_temple, lemuel_crystal_altar,
          ebering_ghost_sewer_f, serial_park_tiny_1, uniq_sigmund, uniq_jessica,
          uniq_grinder
D:4:      kennysheep_the_goblin_king, serial_shops, nicolae_shop_stone,
          hangedman_decor_points, corexii_checkpoint_a
D:5:      xom_confusion_cloud
D:6:      kennysheep_little_box, serial_shops, shop,
          hangedman_decor_clover_reticule

Skill      XL: |  1  2  3  4  5  6  7  8 |
---------------+-------------------------+-----
Axes           | 4 5 7 8 9 11 12 | 12.8
Fighting       | |  3.6
Armour         | |  2.4
Dodging        | |  2.1

Action                   |  1- 3 |  4- 6 |  7- 9 || total
-------------------------+-------+-------+-------++-------
Melee: Hand axe          |    64 |   110 |   178 ||   352
       Headbutt          |    11 |    12 |    34 ||    57
       Broad axe         |       |       |    17 ||    17
Invok: Berserk           |       |     2 |     4 ||     6
  Use: Scroll            |     4 |     1 |     5 ||    10
  Eat: Chunk             |       |     4 |     1 ||     5
       Ration            |       |     1 |     2 ||     3
Armor: Ring mail         |    23 |     3 |       ||    26
       Chain mail        |       |    35 |    62 ||    97
Dodge: Dodged            |    63 |    44 |    50 ||   157
       Deflected         |       |       |     1 ||     1

Table legend:
 A = Spawn XP
 B = Non-spawn XP
 C = Spawn XP percentage of total XP
 D = Spawn monster count
 E = Non-spawn monster count
 F = Spawn count percentage of total count
 G = Total turns spent on level
                    A         B        C        D         E        F      G
               +---------+---------+-------+---------+---------+-------+---------
         Total |       0 |    2137 |   0.0 |       0 |     132 |   0.0 |  4254
               +---------+---------+-------+---------+---------+-------+---------
           D:1 |       0 |      73 |   0.0 |       0 |      23 |   0.0 |   794
           D:2 |       0 |     166 |   0.0 |       0 |      20 |   0.0 |   835
           D:3 |       0 |     457 |   0.0 |       0 |      29 |   0.0 |   897
           D:4 |       0 |     258 |   0.0 |       0 |      24 |   0.0 |   692
           D:5 |       0 |    1105 |   0.0 |       0 |      23 |   0.0 |   970
           D:6 |       0 |      78 |   0.0 |       0 |      13 |   0.0 |    66
               +---------+---------+-------+---------+---------+-------+---------
